 Dungeon Crawl Stone Soup version 0.20-a0-201-g851c6fa (webtiles) character file.

5686 patrickswayze the Slicer (level 10, -3/54 HPs)
             Began as a Deep Elf Chaos Knight on Nov 24, 2016.
             Slain by a wolf (5 damage)
             ... on level 1 of the Lair of Beasts on Nov 25, 2016.
             The game lasted 00:31:16 (12133 turns).

patrickswayze the Slicer (Deep Elf Chaos Knight)   Turns: 12133, Time: 00:31:17

Health: -3/54      AC: 10    Str:  9      XL:     10   Next: 47%
Magic:  12/12      EV: 13    Int: 17 (18) God:    Xom [...*..]
Gold:   509        SH:  0    Dex: 16 (17) Spells: 3/9 levels left

rFire  . . .     SeeInvis .     a - +1 short sword (venom)
rCold  . . .     Gourm    .     n - +2 robe {MR+}
rNeg   + . .     Faith    .     (no shield)
rPois  .         Spirit   .     A - +1 helmet
rElec  .         Reflect  .     C - +1 cloak
rCorr  .         Harm     .     B - +1 pair of gloves
MR     +++..                    (no boots)
Stlth  ++++......               R - amulet of regeneration
                                U - ring of wizardry
                                D - ring of positive energy

@: invisible
A: deterioration 1, magic resistance 1, subdued magic 1
a: Renounce Religion


You were on level 1 of the Lair of Beasts.
You worshipped Xom.
You were a favourite toy of Xom.
You were hungry.

You visited 2 branches of the dungeon, and saw 10 of its levels.
You also visited: Ossuary and Bailey.

You collected 747 gold pieces.
You spent 238 gold pieces at shops.


Innate Abilities, Weirdness & Mutations

Your body sometimes deteriorates upon taking damage.
You are resistant to hostile enchantments. (MR+)
Your spells are a little easier to cast, but a little less powerful.


   Skills:
 - Level 2.4 Fighting
 - Level 12.2 Short Blades
 - Level 0.7 Armour
 - Level 2.4 Dodging
 - Level 8.5 Stealth
 + Level 8.3 Earth Magic


You had 3 spell levels left.
You knew the following spells:

 Your Spells              Type           Power        Failure   Level  Hunger
a - Stone Arrow           Conj/Erth      ##....       4%          3    ####...
A - Apportation           Tloc           #.........   9%          1    ##.....
X - Summon Small Mammal   Summ           #...         9%          1    ##.....
Z - Animate Skeleton      Necr           N/A          9%          1    ##.....

Inventory:

Hand Weapons
 a - a +1 short sword of venom (weapon)
 b - a +0 short sword of piercing
 v - a cursed +0 blowgun
Missiles
 f - 105 stones
 w - 51 poisoned needles
 x - 4 throwing nets (quivered)
 V - 7 poisoned javelins
Armour
 n - a +2 robe of magic resistance (worn)
 A - a +1 helmet (worn)
 B - a +1 pair of gloves (worn)
 C - a +1 cloak (worn)
Jewellery
 d - an uncursed ring of ice
 j - a +2 amulet of reflection
 l - an uncursed ring of flight
 D - a ring of positive energy (left hand)
 R - an amulet of regeneration (around neck)
 U - a ring of wizardry (right hand)
Wands
 g - a wand of confusion (14/48)
 H - a wand of disintegration (14/24)
 N - a wand of flame (20/48)
 Q - a wand of disintegration (9/24)
 S - a wand of paralysis (3/24)
Scrolls
 h - a scroll of recharging {unknown}
 i - 7 scrolls of remove curse
 m - a scroll of torment {unknown}
 u - a scroll of teleportation
 z - 2 scrolls of amnesia {unknown}
 M - a scroll of summoning
 O - a scroll of vulnerability
 P - a scroll of enchant armour
Potions
 k - 2 potions of might
 o - 2 potions of cure mutation {!q}
 p - 2 potions of lignification {!q}
 q - a potion of agility {unknown}
 r - a potion of resistance {unknown}
 t - a potion of mutation {unknown}
 E - 2 potions of haste
 J - a potion of brilliance {unknown}
Books
 s - a book of Cantrips

   Spells                             Type                      Level
   a - Confusing Touch                Hexes                        1
   b - Animate Skeleton               Necromancy                   1
   c - Summon Small Mammal            Summoning                    1
   d - Apportation                    Translocation                1
 y - a book of the Earth

   Spells                             Type                      Level
   a - Leda's Liquefaction            Hexes/Earth                  4
   b - Bolt of Magma                  Conjuration/Fire/Earth       5
   c - Statue Form                    Transmutation/Earth          6
   d - Iron Shot                      Conjuration/Earth            6
   e - Shatter                        Earth                        9
 L - a book of Geomancy

   Spells                             Type                      Level
   a - Sandblast                      Earth                        1
   b - Passwall                       Transmutation/Earth          2
   c - Stone Arrow                    Conjuration/Earth            3
   d - Petrify                        Transmutation/Earth          4
   e - Lee's Rapid Deconstruction     Earth                        5
Miscellaneous
 T - a box of beasts
Comestibles
 c - 7 bread rations
 G - 3 fruits
 I - 9 meat rations


Message History

The wolf completely misses you. The wolf bites you. The wolf bites you!
* * * LOW HITPOINT WARNING * * *
Evoke which item? (* to show all) (? for menu, Esc to quit)
Zapping:
Q - a wand of disintegration (10/24)
Press: ? - help, Shift-Dir - straight line The rock wall explodes into countless fragments.
This wand has 9 charges left.
The wolf bites you.
* * * LOW HITPOINT WARNING * * *
The wolf bites you but does no damage. The wolf bites you.
* * * LOW HITPOINT WARNING * * *
Xom roars with laughter!
The wolf bites you but does no damage.
Okay, then.
Okay, then.
It was a potion of invisibility.
You fade into invisibility!
The wolf bites you.
You die...
Xom cackles wildly!

#######...#.......
.....###...#......
.....# #..........
.....###..##......
.....##..## ##....
.....##..# ...
........## ## #
.....#.## #.## .......#
##@# # .......##
#hh#.#...
...#....#######.F.......
..#.###..#.........#####
.### #.......###### #
###.###P## #...# ###
##..# #.##


You could see a spiny frog and 2 wolves.

Vanquished Creatures
  A water nymph (D:8)
  A komodo dragon (D:9)
  A yak (D:9)
  2 water moccasins
  3 ice beasts
  2 sky beasts
  An ogre (D:6)
  2 phantoms
  2 wolves
  2 big kobolds
  A centaur (D:7)
  4 elf zombies
  8 gnoll sergeants (Bailey)
  4 bullfrogs
  2 elf skeletons (D:5)
  2 scorpions
  2 wights (D:6)
  3 killer bees (D:9)
  A centaur zombie (Ossuary)
  2 crimson imps
  A human zombie (Ossuary)
  A quasit (D:6)
  2 jellies
  7 hounds
  6 gnoll shamans (Bailey)
  2 bullfrog skeletons (D:8)
  2 orc priests (D:4)
  An iron imp (D:6)
  11 orc wizards
  A centaur skeleton (D:7)
  Terence (D:3)
  4 iguanas
  2 human skeletons (D:5)
  7 worker ants
  A killer bee zombie (D:8)
  3 hound zombies (Ossuary)
  3 mummies (Ossuary)
  A worker ant zombie (D:6)
  17 gnolls
  A howler monkey skeleton (D:5)
  12 adders
  2 shadow imps
  2 white imps (D:9)
  An ufetubus (D:9)
  4 adder zombies (Ossuary)
  An adder skeleton (D:6)
  A worm (D:4)
  A dart slug (D:2)
  An adder simulacrum (D:9)
  4 leopard geckos
  42 orcs
  3 bats
  4 giant cockroaches
  A gnoll zombie (Ossuary)
  12 goblins
  8 hobgoblins
  10 jackals
  10 kobolds
  3 quokkas
  2 frilled lizards
  6 goblin zombies (Ossuary)
  A hobgoblin zombie (Ossuary)
  2 jackal zombies (Ossuary)
  An orc zombie (D:5)
  5 quokka zombies (Ossuary)
  7 rats
  5 rat zombies (Ossuary)
  A plant (D:2)
272 creatures vanquished.

Vanquished Creatures (collateral kills)
  Grum (Lair:1)
  A killer bee (D:9)
  A wight (D:6)
  2 iron imps (D:6)
  A hound zombie (D:7)
  4 kobolds (D:7)
10 creatures vanquished.

Vanquished Creatures (others)
  3 wolves (Lair:1)
  A hound zombie (Ossuary)
  2 plants
6 creatures vanquished.

Grand Total: 288 creatures vanquished

Notes
Turn   | Place    | Note
-------+----------+-------------------------------------------
     0 | D:1      | patrickswayze the Deep Elf Chaos Knight began the quest for the Orb.
     0 | D:1      | Reached XP level 1. HP: 13/13 MP: 3/3
    19 | D:1      | Reached skill level 1 in Stealth
    87 | D:1      | XOM: harmless Chrm miscast
   199 | D:1      | Reached XP level 2. HP: 9/18 MP: 4/4
   529 | D:1      | XOM: medium Chrm miscast
   620 | D:1      | XOM: harmless Necr miscast
   681 | D:2      | Reached skill level 3 in Stealth
   759 | D:2      | Reached XP level 3. HP: 21/22 MP: 5/5
   766 | D:2      | XOM: 1-stop teleportation journey
   854 | D:2      | XOM: severe Necr miscast
   891 | D:2      | Learned a level 1 spell: Animate Skeleton
   894 | D:2      | Learned a level 1 spell: Summon Small Mammal
  1033 | D:2      | Found a sacrificial altar of Ru.
  1033 | D:2      | XOM: swap monsters
  1380 | D:2      | Found a hide-covered altar of Uskayaw.
  1385 | D:2      | Found an opulent altar of Gozag.
  1388 | D:2      | Found a shadowy altar of Dithmenos.
  1468 | D:3      | Noticed Terence
  1482 | D:3      | Killed Terence
  1482 | D:3      | Reached XP level 4. HP: 13/27 MP: 6/6
  1626 | D:3      | HP: 5/27 [poisoned by an adder]
  1912 | D:3      | Found an iron altar of Okawaru.
  2134 | D:4      | XOM: enchant monster (bad)
  2148 | D:3      | Reached skill level 6 in Stealth
  2148 | D:3      | Reached XP level 5. HP: 21/31 MP: 7/7
  2473 | D:4      | Noticed a water moccasin
  2476 | D:4      | XOM: mild Hex miscast
  2481 | D:4      | XOM: confusion
  2496 | D:4      | Killed a water moccasin
  2496 | D:4      | Reached XP level 6. HP: 14/36 MP: 8/8
  2514 | D:4      | HP: 10/54 [poisoned by a water moccasin]
  2515 | D:4      | XOM: harmless Tmut miscast
  2543 | D:4      | XOM: noise
  2862 | D:4      | Found a roughly hewn altar of Beogh.
  2866 | D:4      | Reached skill level 4 in Short Blades
  2872 | D:4      | Reached XP level 7. HP: 37/40 MP: 9/9
  2873 | D:4      | XOM: god gift: scroll labeled VIOTONG ZOTH {god gift}
  3256 | D:4      | XOM: give mutations
  3256 | D:4      | Gained mutation: Your spells are a little easier to cast, but a little less powerful. [Xom's mischief]
  3256 | D:4      | Gained mutation: You are resistant to hostile enchantments. (MR+) [Xom's mischief]
  3284 | D:5      | Entered Level 5 of the Dungeon
  3376 | D:5      | XOM: fog
  3422 | D:5      | HP: 8/40 [acid (9)]
  3435 | D:5      | XOM: confuse monster(s)
  3489 | D:4      | XOM: silly message
  3562 | D:4      | XOM: scenery: 1 doors close
  3601 | D:4      | Reached skill level 5 in Short Blades
  3759 | D:5      | XOM: cast spell 'Statue Form'
  3826 | D:5      | Found a sand-covered staircase.
  3827 | D:5      | XOM: enchant monster (bad)
  3861 | Ossuary  | Entered an ossuary
  3941 | Ossuary  | XOM: noise
  4026 | Ossuary  | Reached skill level 6 in Short Blades
  4051 | Ossuary  | XOM: confuse monster(s)
  4059 | Ossuary  | XOM: mild Air miscast
  4064 | Ossuary  | XOM: mild Pois miscast
  4323 | Ossuary  | Reached skill level 7 in Short Blades
  4323 | Ossuary  | Reached XP level 8. HP: 43/45 MP: 10/10
  4717 | D:5      | Reached skill level 8 in Short Blades
  4821 | D:5      | HP: 6/45 [acid (9)]
  4883 | D:4      | XOM: divination: detect creatures
  4937 | D:4      | XOM: harmless Chrm miscast
  5312 | D:5      | XOM: noise
  5624 | D:5      | Reached skill level 9 in Short Blades
  5649 | D:5      | HP: 9/45 [poisoned by a water moccasin]
  5656 | D:5      | HP: 8/45 [poisoned by a water moccasin]
  5664 | D:5      | HP: 8/45 [poisoned by a water moccasin]
  6182 | D:6      | XOM: harmless Tmut miscast
  6223 | D:6      | Found Suptuta's Food Emporium.
  6335 | D:6      | Found Iminosu's Magic Scroll Emporium.
  6335 | D:6      | Found a stormy altar of Qazlal.
  6335 | D:6      | Found a burning altar of Makhleb.
  6335 | D:6      | XOM: 7-stop teleportation journey
  6357 | D:6      | Bought a scroll of fear for 49 gold pieces
  6357 | D:6      | Bought a scroll of summoning for 133 gold pieces
  6357 | D:6      | Bought a scroll of identify for 28 gold pieces
  6357 | D:6      | Bought a scroll of identify for 28 gold pieces
  6379 | D:6      | XOM: harmless Tmut miscast
  6476 | D:6      | Learned a level 1 spell: Apportation
  6480 | D:6      | Learned a level 3 spell: Stone Arrow
  6486 | D:6      | XOM: enchant monster (good)
  6522 | D:6      | XOM: 4-stop teleportation journey
  6580 | D:6      | Found Hyili's Book Shoppe.
  6610 | D:6      | Reached skill level 10 in Short Blades
  6664 | D:6      | Reached XP level 9. HP: 49/49 MP: 11/11
  7053 | D:6      | XOM: cleaving
  7071 | D:6      | XOM: cast spell 'Summon Horrible Things'
  7192 | D:6      | XOM: god gift: robe {god gift}
  7260 | D:7      | XOM: cast spell 'Alistair's Intoxication'
  7357 | D:7      | XOM: medium Chrm miscast
  7508 | D:7      | Reached skill level 11 in Short Blades
  7607 | D:7      | XOM: polymorph gnoll -> quokka
  7676 | D:7      | XOM: summons friendly iron imp
  7697 | D:7      | Found a staircase to the Ecumenical Temple.
  7876 | D:7      | XOM: cloud trail
  7944 | D:7      | XOM: medium Conj miscast
  8476 | D:8      | Found a basalt altar of Yredelemnul.
  8510 | D:8      | Found a shattered altar of Ashenzari.
  8758 | D:8      | XOM: divination: detect creatures
  8872 | D:8      | Noticed a hill giant
  8880 | D:8      | XOM: polymorph bat -> hound
  8887 | D:8      | XOM: scenery: create altars
  8907 | D:8      | Noticed a water nymph
  8907 | D:8      | a hill giant changed into a water nymph
  8907 | D:8      | XOM: polymorph hill giant -> water nymph
  8918 | D:8      | XOM: butterfly on damage
  8929 | D:8      | XOM: enchant monster (good)
  8937 | D:8      | Killed a water nymph
  8937 | D:8      | Reached skill level 12 in Short Blades
  9144 | D:8      | XOM: scenery: create altars
  9178 | D:8      | XOM: 5-stop teleportation journey
  9289 | D:8      | Reached skill level 1 in Earth Magic
  9665 | D:8      | XOM: scenery: create altars
  9857 | D:9      | Found a flagged portal.
  9869 | Bailey   | Entered a bailey
  9884 | Bailey   | Reached skill level 3 in Earth Magic
 10059 | Bailey   | XOM: cast spell 'Statue Form'
 10062 | Bailey   | XOM: 1-stop teleportation journey
 10123 | Bailey   | XOM: scenery: 3 doors close
 10203 | Bailey   | XOM: blink monster(s)
 10206 | Bailey   | Reached XP level 10. HP: 50/54 MP: 12/12
 10318 | Bailey   | XOM: enchant monster (bad)
 10373 | Bailey   | XOM: confusion
 10386 | Bailey   | HP: 9/54 [gnoll/halberd (3)]
 10672 | Bailey   | XOM: give mutation
 10672 | Bailey   | Gained mutation: You have sharp toenails. [Xom's grace]
 10773 | Bailey   | XOM: harmless Divn miscast
 10920 | D:9      | XOM: enchant monster (bad)
 10935 | D:9      | XOM: chaos upgrade
 10953 | D:9      | Reached skill level 6 in Earth Magic
 11066 | D:9      | Found a staircase to the Lair.
 11083 | D:9      | XOM: noise
 11086 | D:9      | XOM: mild Conj miscast
 11087 | D:9      | XOM: divination: detect creatures
 11099 | D:9      | XOM: scenery: create altars
 11101 | D:9      | XOM: noise
 11125 | D:9      | XOM: give mutations
 11125 | D:9      | Lost mutation: You have sharp toenails. [Xom's mischief]
 11125 | D:9      | Gained mutation: Your body sometimes deteriorates upon taking damage. [Xom's mischief]
 11125 | D:9      | Gained mutation: You are frail. (-10% HP) [Xom's mischief]
 11125 | D:9      | Lost mutation: You are frail. (-10% HP) [Xom's mischief]
 11206 | D:9      | XOM: confusion (+ monsters)
 11272 | D:9      | XOM: god gift: 6 meat rations
 11379 | D:9      | XOM: blink monster(s)
 11381 | D:9      | XOM: harmless Tloc miscast
 11405 | D:9      | XOM: summons 3 friendly demons
 11410 | D:9      | XOM: summons 3 friendly demons
 11427 | Lair:1   | Entered Level 1 of the Lair of Beasts
 11502 | Lair:1   | Noticed Grum
 11534 | Lair:1   | Killed Grum
 11724 | Lair:1   | Noticed a spiny frog
 11733 | Lair:1   | XOM: god gift: book of the Earth
 11741 | Lair:1   | XOM: divine lightning
 12131 | Lair:1   | HP: 10/54 [wolf (7)]
 12132 | Lair:1   | HP: 1/54 [wolf (6)]
 12133 | Lair:1   | Slain by a wolf

Vault maps used:
D:1:      lightli_arrival_lavapool
D:2:      grunt_temple_overflow_diamond, first_bread,
          nicolae_ru_the_path_less_chosen
D:3:      okawaru_metal_pillars_1_2, uniq_terence
D:4:      kennysheep_orc_chapel
D:5:      nicolae_ossuary_entry_catacombs, grunt_decor_cap,
          kennysheep_small_square
D:6:      demons_altar, serial_shops, shop,
          nicolae_shop_competitors_out_of_business, shop, basic_altar
D:8:      nicolae_overflow_crystal_walls, basic_altar
D:9:      david_lair_shrubbed, enter_bailey_3, serial_ice, serial_ice_n,
          serial_ice_k, serial_ice_m, serial_ice_f, david_nohive_1
Lair:1:   uniq_gastronok, uniq_grum, uniq_joseph
Ossuary:  minmay_ossuary_two_tombs
Bailey:   bailey_polearm_gnolls_kennysheep, bailey

Action                   |  1- 3 |  4- 6 |  7- 9 | 10-12 || total
-------------------------+-------+-------+-------+-------++-------
Melee: Short sword       |   102 |   119 |   836 |   233 ||  1290
       Kick              |       |       |       |    20 ||    20
 Fire: Blowgun           |     3 |     1 |       |       ||     4
Throw: Stone             |       |       |     5 |     4 ||     9
       Javelin           |       |       |       |     8 ||     8
       Throwing net      |       |       |       |     4 ||     4
 Cast: Summon Small Mamm |       |       |     2 |       ||     2
       Stone Arrow       |       |       |       |     1 ||     1
 Abil: Evoke Flight      |       |       |     2 |     2 ||     4
Evoke: Wand              |       |       |    12 |     6 ||    18
       Phantom mirror    |       |       |       |     1 ||     1
  Use: Scroll            |     3 |       |    11 |     9 ||    23
       Potion            |     1 |     3 |     2 |     4 ||    10
 Stab: Sleeping          |     6 |    10 |    24 |       ||    40
       Paralysed         |     1 |       |     1 |     1 ||     3
       Confused          |     1 |       |     5 |       ||     6
       Distracted        |       |     1 |     1 |     1 ||     3
       Petrified         |       |       |     2 |       ||     2
       Petrifying        |       |       |     1 |       ||     1
       Held in net/web   |       |       |       |     2 ||     2
  Eat: Chunk             |       |     6 |    14 |     6 ||    26
       Beef jerky        |       |       |     1 |       ||     1
       Meat ration       |       |       |     1 |       ||     1
       Royal jelly       |       |       |     1 |       ||     1
       Pizza             |       |       |     1 |       ||     1
Armor: Leather armour    |    16 |       |       |       ||    16
       Robe              |       |    25 |   223 |    61 ||   309
       Skin              |       |     7 |    21 |       ||    28
Dodge: Dodged            |    41 |    63 |   414 |   145 ||   663
Block: Other             |     1 |     6 |    36 |       ||    43
